[Event "Late-Titled-Tuesday-Blitz-March-05-2024"]
[Site "Chess.com"]
[Date "2024.03.05"]
[Round "7"]
[White "SchmakAttack"]
[Black "Harsha_Bharathakoti"]
[Result "1/2-1/2"]
[WhiteElo "2819"]
[BlackElo "2956"]
[TimeControl "180+1"]
[EndTime "15:15:27 PST"]
[Termination "Game drawn by repetition"]

1. c4 b6 2. Nc3 Bb7 3. e4 e6 4. g3 Bb4 5. Nge2 f5 6. Bg2 Nf6 7. O-O Nxe4 8. Nxe4 Bxe4 9. Bxe4 fxe4 10. Qc2 O-O 11. Qxe4 Nc6 12. d4 Qe8 13. c5 e5 14.
d5 Nd4 15. Nxd4 exd4 16. Qxd4 Bxc5 17. Qc3 Qe4 18. Bf4 Qxd5 19. Rad1 Qc6 20. Be3 a5 21. Bxc5 bxc5 22. Rfe1 Rf7 23. Re2 d6 24. Rde1 a4 25. f4 h6 26. h4 Raf8 27. Re6 Qd5 28. a3 Qf5 29. Re7 Kh7 30. Rxf7 Rxf7 31. Qc4 Qg6 32. Kh2 Rf8 33. Qxa4 Rb8 34. Re2 Qg4 35. Qe4+ Kh8 36. Rd2 Qd7 37. b4 Qa4 38. Qe7 Qxa3 39. Qxc7 Qxb4 40.
Rxd6 Qb2+ 41. Kh3 Rf8 42. Rd8 Qf6 43. Rxf8+ Qxf8 44. Qc6 Qe7 45. h5 Kg8 46. Qc8+ Kf7 47. Qf5+ Kg8 48. Qc8+ Kf7 49. Qf5+ Kg8 50. Qc8+ 1/2-1/2

[Event "Late-Titled-Tuesday-Blitz-March-05-2024"]
[Site "Chess.com"]
[Date "2024.03.05"]
[Round "7"]
[White "corvachesky"]
[Black "AlexTruskavetsky"]
[Result "0-1"]
[WhiteElo "2503"]
[BlackElo "2695"]
[TimeControl "180+1"]
[EndTime "15:15:27 PST"]
[Termination "AlexTruskavetsky won on time"]

1. d4 Nf6 2. Nf3 e6 3. g3 d5 4. Bg2 Be7 5. O-O O-O 6. c4 dxc4 7. Qc2 a6 8. a4 h6 9. Nbd2 Nc6 10. Nxc4 Nxd4 11. Nxd4 Qxd4 12. Rd1 Qa7 13. Be3 b6 14. Bxa8 Qxa8 15. Ne5 Bd6 16. Nc6 Bb7 17. Rac1 Nd5 18. Bd2 Nf6 19. b4 a5 20. b5 Bc5 21. Be3 Bxe3 22. fxe3 Nd5 23. Kf2 f5 24. Qc4 Qe8 25. Rxd5 exd5 26. Qxd5+ Kh8 27. Rd1 Qh5 28. h4 Qg4 29.
Qf3 Qxa4 30. Qd5 Bxc6 31. bxc6 Qe4 32. Qxe4 fxe4+ 33. Kg2 Rf6 34. Rc1 Rd6 35. Rc4 Kg8 36. g4 Kf7 37. Kg3 b5 38. Rc5 b4 39. Rxa5 Rxc6 40.
Rb5 Rc4 41. Kf4 c5 42. Ke5 Rc3 43. Kf5 b3 44. Rb7+ Ke8 45. Ke6 Kd8 46. Kd6 Kc8 47. Rxg7 c4 48. Kc6 Kd8 49. Rb7 Rc2 50. Kd5 b2 51. Kd4 c3 0-1

[Event "Late-Titled-Tuesday-Blitz-March-05-2024"]
[Site "Chess.com"]
[Date "2024.03.05"]
[Round "7"]
[White "BillCoe"]
[Black "kai_nov"]
[Result "0-1"]
[WhiteElo "2139"]
[BlackElo "2369"]
[TimeControl "180+1"]
[EndTime "15:15:27 PST"]
[Termination "kai_nov won by checkmate"]

1. e4 c5 2. Nf3 Nc6 3. Bb5 e6 4. O-O Nge7 5. Re1 a6 6. Bf1 d5 7. exd5 Nxd5 8. d4 Nf6 9. c3 cxd4 10. cxd4 Be7 11. Nc3 O-O 12. h3 b5 13. a3 Bb7 14.
Be3 Nd5 15. Nxd5 Qxd5 16. Qd2 Rac8 17. Rad1 Rfd8 18. Qd3 Bf6 19. Qb1 h6 20. Bd3 Ne7 21. Bf4 Qh5 22. Be4 Bxe4 23. Qxe4 Qd5 24. Qd3 Nf5 25. Be3 Qc4 26. Qb1 Qc2 27. Rd2 Qxb1 28. Rxb1 Rd5 29. Rbd1 Kf8 30. g4 Nd6 31. Kg2 Nc4 32.
Re2 Rcd8 33. Rc2 e5 34. g5 hxg5 35. Bxg5 Bxg5 36. Nxg5 exd4 37. Ne4 d3 38. Rc3 Nxb2 39. Rb3 Nc4 40. f3 f6 41. Kf2 R8d7 42. Nc3 Re5 43. Ne4 Red5 44. Nc3 Rd4 45. Ne4 Kf7 46. Nc5 R7d6 47.
Nb7 Re6 48. Nc5 Re2+ 49. Kg3 Ne3 50. Rbxd3 Rg2# 0-1

[Event "Late-Titled-Tuesday-Blitz-March-05-2024"]
[Site "Chess.com"]
[Date "2024.03.05"]
[Round "7"]
[White "PapaieDudu"]
[Black "Bilan_Danila"]
[Result "1-0"]
[WhiteElo "2456"]
[BlackElo "2536"]
[TimeControl "180+1"]
[EndTime "15:15:28 PST"]
[Termination "PapaieDudu won by resignation"]

1. Nf3 d5 2. d3 Nf6 3. Nbd2 c5 4. a3 Nc6 5. c3 g6 6. b4 b6 7. g3 Bg7 8. Bg2 O-O 9. O-O Ng4 10. b5 Bxc3 11. bxc6 Bxa1 12. h3 Ne5 13. d4 Nxc6 14. Nb3 Bc3 15. Bh6 Re8 16. dxc5 bxc5 17. Ng5 e6 18. Nxc5 Bg7 19. Bxg7 Kxg7 20. e4 Qxg5 21. f4 Qe7 22. Nd3 Ba6 23. Rf2 Bxd3 24. Qxd3 dxe4 25. Qc3+ Qf6 26. Qxc6 e3 27. Re2 Rac8 28. Qf3 Rc1+ 29. Kh2 Rec8 30. Qxe3 a5 31. Qf3 R8c2 32. Re3 Qa1 33.
g4 Rh1+ 34. Kg3 Rg1 35. Re2 Rxe2 36. Qxe2 Qe1+ 37. Qxe1 Rxe1 38. f5 gxf5 39. Kf2 Re3 40. Kxe3 fxg4 41. hxg4 Kf6 42. Kf4 e5+ 43. Ke4 Kg5 44.
Kxe5 Kxg4 45. Kf6 Kg3 46. Be4 Kf4 47. Bxh7 Ke3 48. Kxf7 a4 49. Bc2 Kd2 50. Bxa4 Kc3 51. Bd1 Kb2 52. a4 1-0

[Event "Late-Titled-Tuesday-Blitz-March-05-2024"]
[Site "Chess.com"]
[Date "2024.03.05"]
[Round "7"]
[White "pr1105"]
[Black "LangesNasenhaar"]
[Result "1-0"]
[WhiteElo "2416"]
[BlackElo "2523"]
[TimeControl "180+1"]
[EndTime "15:15:28 PST"]
[Termination "pr1105 won by checkmate"]

1. e4 g6 2. d4 Bg7 3. Nc3 c6 4. f4 d5 5. e5 h5 6. Nf3 Bg4 7. Be3 Nh6 8. h3 Nf5 9. Bf2 Bxf3 10. Qxf3 h4 11. Bd3 e6 12. O-O Bf8 13. Ne2 a5 14. a4 Na6 15. c3 Be7 16. Kh1 Kf8 17. Ng1 Kg7 18. Qg4 Kf8 19. Qe2 Nc7 20. Nf3 b6 21.
b3 Kg7 22. Rfd1 Rh5 23. Rac1 Rc8 24. c4 Qd7 25. Qe1 Bb4 26. Qe2 Ba3 27. Rc2 Be7 28. Qe1 Bb4 29. Qe2 Be7 30. Bxf5 exf5 31. Ng5 Bxg5 32. fxg5 Ne6 33. Rdc1 Nxg5 34. c5 bxc5 35. Rxc5 f4 36. Qg4 Ne6 37. Rxa5 Rg5 38. Qf3 Rh5 39.
Qg4 Qb7 40. Bxh4 Qxb3 41. Bf6+ Kg8 42. Ra7 Qb2 43. Rf1 Qxd4 44. Re7 Qd3 45. Rxf4 Rb8 46. Rxe6 Rb1+ 47. Kh2 Qd1 48. Re8+ Kh7 49. Rh8# 1-0

[Event "Late-Titled-Tuesday-Blitz-March-05-2024"]
[Site "Chess.com"]
[Date "2024.03.05"]
[Round "7"]
[White "DraningWaterHi"]
[Black "ShahMatKanal"]
[Result "0-1"]
[WhiteElo "2196"]
[BlackElo "2487"]
[TimeControl "180+1"]
[EndTime "15:15:30 PST"]
[Termination "ShahMatKanal won by checkmate"]

1. d4 f5 2. c4 e6 3. Nc3 Nf6 4. Nf3 d5 5. Bf4 c6 6. Ne5 Bb4 7. Qc2 Qa5 8. f3 Nbd7 9. e3 Nxe5 10. Bxe5 O-O 11. Bd3 dxc4 12. Bxc4 Nd5 13. Rc1 Nxe3 14. Qb3 Nxc4 15. Qxc4 Be7 16. O-O Qd8 17. Rcd1 Qe8 18. f4 b5 19. Qb3 a5 20. a4 b4 21. Nb1 Qg6 22. Nd2 Ba6 23. Rf2 Qg4 24. Nf3 Qg6 25.
Re1 c5 26. Bc7 c4 27. Qc2 Bd8 28. Ne5 Qe8 29. Bxd8 Rxd8 30. Nxc4 Rc8 31. b3 Qc6 32. Rc1 Rfd8 33. Rd2 Bb7 34. Nxa5 Qd5 35. Qd1 Qxa5 36.
Rxc8 Rxc8 37. Qe2 Qd5 38. h3 h6 39. Ra2 Kh7 40. a5 Rc1+ 41. Kh2 Qxd4 42. Qd2 Qg1+ 43.
Kg3 Rd1 44. Qf2 Qxf2+ 45. Kxf2 Rd6 46. a6 Bxa6 47. Ra5 Rb6 48. Ra4 Kg6 49. Ke3 Kf6 50.
Kd4 g5 51. Kc5 Rb5+ 52. Kc6 Rd5 53. Rxa6 gxf4 54. Ra4 Rd4 55. Kc5 Ke5 56. Rxb4 Rd2 57. g4 f3 58. gxf5 f2 59. fxe6 f1=Q 60. e7 Qf2+ 61.
Kc6 Qf7 62. Rb5+ Ke6 63. Rb7 Qe8+ 64. Kb6 Rd6+ 65. Kc5 Qc8+ 66. Kb5 Qxb7+ 67. Ka5 Ra6# 0-1

[Event "Late-Titled-Tuesday-Blitz-March-05-2024"]
[Site "Chess.com"]
[Date "2024.03.05"]
[Round "7"]
[White "crazyluzhinTh3"]
[Black "Abduzhaparov"]
[Result "0-1"]
[WhiteElo "2550"]
[BlackElo "2459"]
[TimeControl "180+1"]
[EndTime "15:15:32 PST"]
[Termination "Abduzhaparov won by checkmate"]

1. e4 d6 2. d4 Nf6 3. Nc3 e5 4. Nge2 exd4 5. Nxd4 Be7 6. Bc4 O-O 7. Bb3 c6 8. O-O b5 9. a3 a5 10. Re1 Bb7 11. Nf5 b4 12. axb4 axb4 13. Rxa8 Bxa8 14. Na4 c5 15. Bg5 h6 16. Bh4 Re8 17. Qf3 Nbd7 18. Qg3 Nh5 19. Qg6 Ne5 20. Nxh6+ Kf8 21. Qxh5 Bxh4 22.
Nxf7 Qf6 23. Rf1 Nxf7 24. Nb6 Bc6 25. Bd5 Re5 26. Qg4 Rxd5 27. exd5 Be8 28. g3 Ne5 29. Qe2 Nf3+ 30. Kg2 Nd4 31. Qe4 Bg5 32. c3 Nf5 33.
Re1 Ne7 34. Qe6 Qxe6 35. Rxe6 bxc3 36. bxc3 Bd2 37. Rxd6 Bxc3 38. Rd8 Kf7 39. d6 Ba5 40.
Rb8 Bxb6 41. Rxb6 Nd5 42. Rb7+ Ke6 43. Rb8 Bc6 44. Rc8 Kxd6 45. Rg8 Nf6+ 46. f3 Nxg8 47. g4 Kd5 48. Kg3 Kd4 49. h4 c4 50. h5 Kd3 51. Kh4 c3 52. f4 c2 53. f5 c1=Q 54.
h6 Qh1+ 55. Kg5 Qxh6# 0-1

[Event "Late-Titled-Tuesday-Blitz-March-05-2024"]
[Site "Chess.com"]
[Date "2024.03.05"]
[Round "7"]
[White "ATM622"]
[Black "IMRosen"]
[Result "0-1"]
[WhiteElo "2488"]
[BlackElo "2663"]
[TimeControl "180+1"]
[EndTime "15:15:35 PST"]
[Termination "IMRosen won by resignation"]

1. d4 d5 2. c4 e6 3. Nf3 Nf6 4.
g3 dxc4 5. Bg2 Bb4+ 6. Bd2 c5 7.
Bxb4 cxb4 8. Qa4+ Nc6 9. Ne5 Bd7 10.
Nxc6 Bxc6 11. Bxc6+ bxc6 12. Qxc6+ Nd7 13. O-O Rc8 14.
Qa4 a5 15. Nd2 O-O 16. Rac1 Nb6 17. Qxa5 Qxd4 18. Qxb4 Nd5 19. Rxc4 Rxc4 20. Qxc4 Qxd2 21. e4 Nf6 22. b4 h5 23. h4 Ra8 24. b5 Qxa2 25. Qc6 Ra3 26. b6 Rb3 27. Rd1 Qb2 28. Rd8+ Kh7 29. e5 Ng4 30. Qe4+ g6 31. Qf4 Qb1+ 32.
Kg2 Qf5 33. Qxf5 gxf5 34. Rb8 Nxe5 35. Rb7 Kg6 36. Rb8 Kg7 37. Rb7 Nc4 38. Rc7 Nxb6 39. Kh3 Nd5 40. Rc2 Rb1 41. Kg2 Nf6 42. Ra2 Ne4 43. Rc2 Ra1 44. Rb2 Rd1 45. f3 Rd2+ 46.
Rxd2 Nxd2 47. f4 Ne4 48. Kh3 Nf6 49. Kg2 Ng4 50. Kf3 Kf8 51. Kg2 Ke7 52. Kh3 f6 53. Kg2 e5 54. Kh3 Ke6 55. Kg2 Kd5 56. Kh3 e4 57.
Kg2 Kd4 58. Kf1 e3 59. Ke2 Ke4 60. Ke1 Kf3 61. Kf1 Nh6 62. Kg1 Nf7 63. g4 e2 64.
gxh5 e1=Q+ 0-1

[Event "Late-Titled-Tuesday-Blitz-March-05-2024"]
[Site "Chess.com"]
[Date "2024.03.05"]
[Round "7"]
[White "ContrVersia"]
[Black "Sokoloco"]
[Result "0-1"]
[WhiteElo "2859"]
[BlackElo "2784"]
[TimeControl "180+1"]
[EndTime "15:15:36 PST"]
[Termination "Sokoloco won by checkmate"]

1. d4 d6 2. e4 g6 3. Nc3 Bg7 4.
g3 Nf6 5. Bg2 O-O 6. Nge2 e5 7.
O-O Qe7 8. h3 c6 9. a4 a5 10. Be3 Na6 11. g4 h5 12. g5 Nh7 13. h4 f6 14. f4 Bg4 15. Qd2 Rad8 16. f5 Qe8 17. Bf3 gxf5 18. Bxg4 fxg4 19. d5 fxg5 20.
Bxg5 Rd7 21. Ng3 Qg6 22. Nf5 Nxg5 23. hxg5 Nb4 24. Nh4 Qe8 25. Rxf8+ Qxf8 26. Rf1 Qd8 27. Nf5 Rf7 28. Ne2 cxd5 29. c3 Nc6 30. Qxd5 Kf8 31.
Nxd6 Rxf1+ 32. Kxf1 Qe7 33. Ng3 Nd8 34. Ngf5 Qxg5 35. Nc4 Qf4+ 36. Ke1 Qc1+ 37. Ke2 Qg5 38. Nb6 Nf7 39. Nc8 g3 40. Ncd6 Qg4+ 41. Kd3 Nxd6 42.
Qxd6+ Kg8 43. Nxg3 Qxg3+ 44. Kc4 h4 45. Qe6+ Kh7 46. Qf5+ Qg6 47. Qf3 Qe6+ 48. Kb5 Qh6 49. Qf5+ Kh8 50. Qc8+ Bf8 51. Qh3 Qc6+ 52. Kxa5 Qc5# 0-1

[Event "Late-Titled-Tuesday-Blitz-March-05-2024"]
[Site "Chess.com"]
[Date "2024.03.05"]
[Round "7"]
[White "jstopa4"]
[Black "MusicCityMaster"]
[Result "0-1"]
[WhiteElo "2678"]
[BlackElo "2516"]
[TimeControl "180+1"]
[EndTime "15:15:37 PST"]
[Termination "MusicCityMaster won by checkmate"]

1. d4 Nf6 2. c4 g6 3. f3 Bg7 4. e4 d6 5. Ne2 O-O 6. Nbc3 e5 7. Bg5 Nbd7 8. Qd2 c6 9. h4 Qa5 10. O-O-O exd4 11. Nxd4 Nc5 12. Nc2 Na4 13. b4 Nxc3 14. bxa5 Nxa2+ 15. Kb1 Nxe4 16. Kxa2 Nxd2 17. Rxd2 d5 18.
c5 Re8 19. Kb3 b6 20. axb6 axb6 21. cxb6 Rb8 22. Be3 Be6 23. Bc5 Bf8 24. Bxf8 Kxf8 25.
Bd3 Rxb6+ 26. Kc3 c5 27. Rdd1 c4 28. Be2 Rb3+ 29. Kd2 Rb2 30. Kc1 Reb8 31. Kd2 Bf5 32. Rc1 Ra2 33. g4 Bd7 34. Ra1 Rab2 35. Bd1 Re8 36. Kc3 Rb3+ 37. Kd4 Rd3+ 38. Kc5 Rc8+ 39. Kd6 Be6 40. Nb4 Rd8+ 41. Kc7 Rd7+ 42. Kc6 Re3 43.
Ra8+ Kg7 44. Kc5 c3 45. Bc2 d4 46. Nd3 Rd5+ 47. Kc6 Re2 48. Rc1 Rd2 49. Nf4 Re5 50. Nxe6+ Rxe6+ 51. Kd5 d3 52. Bb3 c2 53. Kd4 Rd6+ 54.
Kc3 Rf2 55. Rc8 d2 56. Rxc2 d1=Q 57. Kb2 Qd4+ 58. Ka2 Rxc2+ 59. Rxc2 Ra6+ 60. Kb1 Ra1# 0-1

[Event "Late-Titled-Tuesday-Blitz-March-05-2024"]
[Site "Chess.com"]
[Date "2024.03.05"]
[Round "7"]
[White "semchik73"]
[Black "TokChess"]
[Result "0-1"]
[WhiteElo "2427"]
[BlackElo "2543"]
[TimeControl "180+1"]
[EndTime "15:15:37 PST"]
[Termination "TokChess won on time"]

1. Nf3 Nf6 2. c4 g6 3. d4 Bg7 4. Nc3 d6 5. e4 O-O 6. Be2 Bg4 7.
Be3 Nc6 8. d5 Bxf3 9. Bxf3 Nb8 10. O-O c6 11. Qd2 Nbd7 12. dxc6 bxc6 13. Rfd1 Qc7 14. Rac1 Ne5 15. Be2 c5 16. Nd5 Qb7 17. Nxf6+ Bxf6 18. f4 Nc6 19. Bf3 Nd4 20. Bxd4 Bxd4+ 21.
Kh1 Qxb2 22. Qxb2 Bxb2 23. Rb1 Rab8 24. g3 Kg7 25. Kg2 Rb4 26. Rd2 Rfb8 27. Rc2 Bd4 28. Rxb4 cxb4 29. Rd2 e5 30. fxe5 Bxe5 31. Rd5 Rc8 32.
Be2 Rc7 33. Rb5 Bc3 34. Kf3 Kf6 35. Rb8 h5 36. Ke3 Ke7 37. Kd3 Be1 38. Rb5 Ke6 39. g4 h4 40. h3 Bc3 41. a3 Be1 42. axb4 Bf2 43. Ra5 Bb6 44. Ra6 Ke5 45. b5 Kf4 46.
Ra1 Kg3 47. Rh1 Kg2 48. Rf1 Kxh3 49. Rf3+ Kg2 0-1

[Event "Late-Titled-Tuesday-Blitz-March-05-2024"]
[Site "Chess.com"]
[Date "2024.03.05"]
[Round "7"]
[White "FairChess_on_YouTube"]
[Black "TenisMaster"]
[Result "0-1"]
[WhiteElo "3081"]
[BlackElo "2892"]
[TimeControl "180+1"]
[EndTime "15:15:39 PST"]
[Termination "TenisMaster won on time"]

1. Nf3 d5 2. g3 Bg4 3. Bg2 Nd7 4. c4 e6 5. cxd5 exd5 6. Qb3 Nc5 7. Qc2 c6 8. O-O Nf6 9. d3 Be7 10. Be3 Ne6 11. Nd4 O-O 12. h3 Nxd4 13. Bxd4 Be6 14. Nd2 a5 15. Nf3 h6 16. Rab1 Re8 17. a3 a4 18. b4 axb3 19. Rxb3 Bc8 20. Bb2 Nd7 21.
Rc1 Nc5 22. Rb4 Ne6 23. Rb3 Bf6 24. Bxf6 Qxf6 25. e3 Qe7 26. Qc3 Ra4 27. d4 Ng5 28. Nxg5 hxg5 29. Rb4 Ra7 30. Qb2 Bf5 31. Rc3 Rea8 32.
Kh2 g6 33. Rcb3 Bc8 34. Rc3 Ra4 35. Rxa4 Rxa4 36. Bxd5 cxd5 37. Rxc8+ Kg7 38. Rc5 Qe4 39.
Qxb7 Qf3 40. Rc2 Rxa3 41. Qb1 Rd3 42. Qh1 Qf5 43. Qg2 Rd1 44. Rc5 Rd2 45. Rxd5 Qc2 46.
Kg1 Rd1+ 47. Kh2 Rd2 48. Kg1 Qc1+ 49. Kh2 Qe1 50. Rxg5 Rxf2 51. h4 Qe2 52. Qxf2 Qxf2+ 53. Kh3 Qxe3 0-1

[Event "Late-Titled-Tuesday-Blitz-March-05-2024"]
[Site "Chess.com"]
[Date "2024.03.05"]
[Round "7"]
[White "Ykow"]
[Black "mac0504"]
[Result "0-1"]
[WhiteElo "2536"]
[BlackElo "2721"]
[TimeControl "180+1"]
[EndTime "15:15:39 PST"]
[Termination "mac0504 won by checkmate"]

1. e4 Nc6 2. Nf3 d6 3. d4 Nf6 4. Nc3 g6 5. h3 Bg7 6. Be2 O-O 7.
O-O e5 8. Be3 Qe7 9. dxe5 dxe5 10.
Nd5 Nxd5 11. exd5 Nd4 12. Bxd4 exd4 13. Bc4 Qc5 14. Bb3 a5 15. a4 b6 16. Ng5 Bb7 17. Qf3 Rad8 18. Ne4 Qb4 19. Rfe1 Rd7 20. Rad1 Rfd8 21.
Nf6+ Bxf6 22. Qxf6 Bxd5 23. Qxd4 Qxd4 24. Rxd4 Bxb3 25.
Rxd7 Rxd7 26. cxb3 Kf8 27. Rc1 c5 28. Kf1 Rd2 29.
Rc3 Rxb2 30. g4 h6 31. Kg2 Ke7 32. Rf3 Ke6 33. h4 c4 34. bxc4 Rb4 35. g5 h5 36.
Rf6+ Ke7 37. Kg3 Rxa4 38. Rxb6 Rxc4 39. Ra6 a4 40. f3 Rd4 41. Ra7+ Ke6 42. Ra6+ Kd5 43. Ra7 Kc5 44. Rxf7 a3 45. Ra7 Kb4 46. f4 Kb3 47. Rb7+ Rb4 48. Ra7 a2 49. f5 Ra4 50.
Rb7+ Ka3 51. fxg6 a1=Q 52. g7 Qc3+ 53. Kf2 Rf4+ 54. Ke2 Qf3+ 55. Kd2 Rd4+ 56. Kc2 Qd1+ 57. Kc3 Qd2# 0-1

[Event "Late-Titled-Tuesday-Blitz-March-05-2024"]
[Site "Chess.com"]
[Date "2024.03.05"]
[Round "7"]
[White "Vesapesa"]
[Black "morte-negra"]
[Result "0-1"]
[WhiteElo "2215"]
[BlackElo "2066"]
[TimeControl "180+1"]
[EndTime "15:15:39 PST"]
[Termination "morte-negra won on time"]

1. e4 c5 2. Nf3 d6 3. d4 cxd4 4. Qxd4 a6 5. h3 e6 6. c4 Nf6 7.
Nc3 Qc7 8. Be2 Be7 9. O-O O-O 10. b3 b6 11. Bb2 Bb7 12. Rac1 Nc6 13. Qe3 Nb8 14.
Nd4 Nbd7 15. f4 Rac8 16. Bf3 Qb8 17. f5 Nc5 18. b4 e5 19. Nde2 Ncd7 20. Nd5 Bxd5 21.
cxd5 b5 22. Kh2 Nb6 23. Qb3 Nc4 24. Ng3 Nd2 25. Qd3 Rxc1 26. Rxc1 Nxf3+ 27. Qxf3 Nd7 28. Qc3 Nb6 29. Qc7 Bg5 30. Qxb8 Rxb8 31. Rc6 Nc4 32.
Bc3 Bf4 33. Rxa6 h5 34. h4 Rc8 35. Be1 Ne3 36. Kh3 Nc2 37. Bf2 Nxb4 38. Rb6 Nxa2 39. Rxb5 Nc3 40. Rb3 Bxg3 41. Bxg3 Nxe4 42. Be1 Rc5 43. Rd3 Nf6 44. Bb4 Rxd5 45. Rxd5 Nxd5 46. Bxd6 e4 47. Be5 f6 48. Kg3 fxe5 49. Kf2 Kf7 50. Ke2 Kf6 0-1

[Event "Late-Titled-Tuesday-Blitz-March-05-2024"]
[Site "Chess.com"]
[Date "2024.03.05"]
[Round "7"]
[White "jinbojinbo"]
[Black "sergiochess83"]
[Result "0-1"]
[WhiteElo "2638"]
[BlackElo "2851"]
[TimeControl "180+1"]
[EndTime "15:15:45 PST"]
[Termination "sergiochess83 won on time"]

1. e4 e6 2. d4 d5 3. Nc3 Nf6 4. e5 Nfd7 5. f4 c5 6. Nf3 Nc6 7. Be3 a6 8. a3 Qb6 9. dxc5 Bxc5 10. Na4 Qa5+ 11. b4 Qxa4 12. bxc5 O-O 13. c4 Qa5+ 14.
Qd2 dxc4 15. Bxc4 b5 16. cxb6 Nxb6 17. Ba2 Nd5 18. Qxa5 Nxa5 19. Bxd5 exd5 20. O-O Bf5 21. Rfd1 Nc4 22. Bf2 Rfd8 23. Nd4 Be4 24. a4 Rdc8 25.
Rac1 Rab8 26. Ne2 Nb2 27. Rxc8+ Rxc8 28. Rc1 Rxc1+ 29. Nxc1 Nxa4 30. g3 Nb2 31. Nb3 Nc4 32. Kf1 h5 33. Ke2 Kh7 34. h3 Bf5 35. h4 Be4 36.
Be1 Kg6 37. Na5 Nxa5 38. Bxa5 d4 39. Bb6 d3+ 40. Ke3 Bf5 41. Ba5 f6 42. exf6 Kxf6 43. Kd4 Ke6 44. Kc5 Be4 45. Kd4 Bh7 46. Be1 Kd6 47. Ba5 Bf5 48. Kc4 g6 49. Kd4 Kc6 50.
Kc4 Be4 51. Be1 Kd7 52. Kd4 Bf5 53. Ba5 Ke6 54. Bb4 Kf7 55. Ba5 Kf6 56. Bb4 Ke6 57.
Ba5 Kd6 58. Kc4 Kc6 0-1

[Event "Late-Titled-Tuesday-Blitz-March-05-2024"]
[Site "Chess.com"]
[Date "2024.03.05"]
[Round "7"]
[White "C_K_G"]
[Black "ThaBarWa"]
[Result "1-0"]
[WhiteElo "2186"]
[BlackElo "2370"]
[TimeControl "180+1"]
[EndTime "15:15:46 PST"]
[Termination "C_K_G won on time"]

1. e4 e6 2. Nf3 d5 3. Nc3 dxe4 4. Nxe4 b6 5. d4 Bb7 6. Ng3 c5 7. Be3 Nf6 8. Be2 cxd4 9. Bxd4 Nc6 10. O-O Nxd4 11.
Nxd4 Be7 12. c3 O-O 13. Bf3 Bd5 14. Re1 Rc8 15. Bxd5 Qxd5 16. Qe2 Bc5 17. Nb3 Be7 18. Rad1 Qg5 19. Ne4 Nxe4 20. Qxe4 Rfd8 21. Qb7 h5 22.
Nd4 h4 23. h3 Bc5 24. Nb3 Qe7 25. Qe4 Bd6 26. Rd3 Bb8 27. Red1 Rxd3 28. Rxd3 Rd8 29.
Nd2 Rxd3 30. Qxd3 g6 31. Nf3 Qf6 32. Qe4 Kg7 33. Qxh4 Qxh4 34. Nxh4 b5 35. Nf3 f5 36.
Kf1 e5 37. Ke2 e4 38. Nd2 Kf6 39. Nb3 Ke5 40. f3 Kd5 41. fxe4+ Kxe4 42. Nc5+ Kd5 43.
Nd7 Bd6 44. Nf6+ Ke6 45. Nh7 Be7 46. g3 Ke5 47. Kf3 a5 48. h4 a4 49. b3 axb3 50.
axb3 Ke6 51. Ke3 Kd5 52. Kd3 Kc5 53. Ng5 Bf6 54. Nf3 Kd6 55. Nd2 Kc5 56. Nf1 1-0

[Event "Late-Titled-Tuesday-Blitz-March-05-2024"]
[Site "Chess.com"]
[Date "2024.03.05"]
[Round "7"]
[White "MatthewG-p4p"]
[Black "SpeedofLight0"]
[Result "0-1"]
[WhiteElo "2892"]
[BlackElo "3098"]
[TimeControl "180+1"]
[EndTime "15:15:47 PST"]
[Termination "SpeedofLight0 won by resignation"]

1. e4 Nc6 2. Nf3 d6 3. d4 Nf6 4.
Nc3 g6 5. h3 Bg7 6. Be2 O-O 7.
O-O e5 8. Be3 exd4 9. Nxd4 Re8 10. Bf3 Bd7 11. Nb3 Ne5 12. Be2 Bc6 13. f3 d5 14. exd5 Nxd5 15. Nxd5 Bxd5 16. Bd4 Bxb3 17. axb3 Nxf3+ 18. Bxf3 Bxd4+ 19. Kh1 c6 20. c3 Bb6 21. Qc2 Qd6 22. g4 Re3 23. Rad1 Qe5 24. Qg2 Re8 25.
Rd7 Re7 26. Rxe7 Qxe7 27. b4 Bc7 28. Rd1 Re1+ 29. Rxe1 Qxe1+ 30. Qg1 Qd2 31. Bg2 Qxb2 32. Qe1 Bf4 33. Kg1 b6 34. Qe8+ Kg7 35. Qxc6 Qc1+ 36.
Bf1 Qe3+ 37. Kh1 Qg3 38. Qg2 Qxc3 39. b5 Bd6 40. Be2 Qe1+ 41. Qf1 Qg3 42. Qg2 Qf4 43. Bf1 Qe5 44. Qe2 Qc5 45. Qg2 h5 46. Qf3 Qe5 47. Qe2 Qf4 48. Qg2 hxg4 49. hxg4 Bc5 50. Qb2+ Bd4 51. Qg2 Kf6 52. Qc6+ Kg5 53. Qd5+ Kh4 54. Qg2 Qxg4 55. Qh2+ Kg5 56. Qd2+ Qf4 57. Qg2+ Kf6 58. Qc6+ Kg7 59. Qg2 f5 60. Qb7+ Kh6 61. Qg2 Qh4+ 62. Qh3 Kg5 63. Qxh4+ Kxh4 64. Kg2 g5 65. Bd3 Kg4 66.
Be2+ Kf4 67. Bd3 g4 68. Bc4 Kg5 69. Bd5 f4 70. Kh2 f3 71. Kg3 Be5+ 72. Kf2 Kf4 73. Kf1 Bd4 74. Bxf3 gxf3 0-1

[Event "Late-Titled-Tuesday-Blitz-March-05-2024"]
[Site "Chess.com"]
[Date "2024.03.05"]
[Round "7"]
[White "HansOnTwitch"]
[Black "VladimirKramnik"]
[Result "1/2-1/2"]
[WhiteElo "3113"]
[BlackElo "2989"]
[TimeControl "180+1"]
[EndTime "15:15:49 PST"]
[Termination "Game drawn - insufficient material"]

1. e4 e6 2. d4 d5 3. Nc3 Nf6 4. e5 Nfd7 5. f4 c5 6. Nf3 Nc6 7. Be3 cxd4 8. Nxd4 Bc5 9. Qd2 Bxd4 10. Bxd4 Nxd4 11. Qxd4 Qb6 12. Qxb6 Nxb6 13. Bd3 Bd7 14.
a4 Rc8 15. Nb5 Ke7 16. b3 a5 17. Nd4 Bc6 18. Kd2 Nd7 19. Rae1 Nc5 20. f5 Bd7 21. g4 h5 22. h3 Ne4+ 23. Bxe4 dxe4 24. Ke3 Rc3+ 25.
Kf4 Bc6 26. g5 Rd8 27. f6+ Kf8 28. Nxc6 bxc6 29. Re2 e3 30. Rhe1 Rd2 31. Rxe3 Rcxc2 32. Re4 c5 33. Rc4 Rxc4+ 34. bxc4 Rd4+ 35. Ke3 gxf6 36. exf6 Kg8 37. Rb1 Rxc4 38. Rb5 Rxa4 39. Rxc5 Kh7 40. Rc8 Kg6 41. Rg8+ Kf5 42. Rg7 h4 43.
Kd3 Rb4 44. Rxf7 Kxg5 45. Ra7 Kxf6 46. Rxa5 Rb3+ 47. Ke4 Rxh3 48. Kf4 Rh1 49. Kg4 e5 50. Ra6+ Ke7 51. Kf5 Re1 52. Rh6 e4 53. Kf4 e3 54.
Kf3 e2 55. Rxh4 Rf1+ 56. Kxe2 Rf6 57. Re4+ Re6 58. Rxe6+ Kxe6 1/2-1/2

[Event "Late-Titled-Tuesday-Blitz-March-05-2024"]
[Site "Chess.com"]
[Date "2024.03.05"]
[Round "7"]
[White "IlanSchnaider"]
[Black "Cambek64"]
[Result "1/2-1/2"]
[WhiteElo "2630"]
[BlackElo "2479"]
[TimeControl "180+1"]
[EndTime "15:15:49 PST"]
[Termination "Game drawn - insufficient material"]

1. d4 c5 2. dxc5 Na6 3. Nf3 Nxc5 4. g3 d6 5. Bg2 Nf6 6. O-O g6 7. Be3 Qc7 8. Nc3 a6 9. Bd4 e5 10. Be3 Bg7 11. Bg5 Be6 12. Bxf6 Bxf6 13. Nd5 Bxd5 14. Qxd5 O-O 15. Nd2 Rab8 16. c3 b5 17. Rfd1 Rfd8 18.
h4 h5 19. Rac1 Kg7 20. b4 Nd7 21. Qb3 Nb6 22. Ne4 Be7 23. Nd2 d5 24. e4 dxe4 25.
Nxe4 Rxd1+ 26. Rxd1 Rd8 27. Re1 f5 28. Ng5 Bxg5 29. hxg5 e4 30. Bf1 Qe7 31. c4 bxc4 32. Bxc4 Qxg5 33. Bxa6 h4 34. Qc3+ Kh6 35. Re3 f4 36.
Rxe4 fxg3 37. fxg3 Qxg3+ 38. Qxg3 hxg3 39. Bf1 Rd2 40. a3 Ra2 41. Re3 g2 42. Bxg2 Nc4 43. Rh3+ Kg7 44. Bd5 Rxa3 45. Rxa3 Nxa3 46. Kg2 Kf6 47. Kf3 Ke5 48. Bf7 g5 49. Kg4 Kd4 50. b5 Kc5 51. Be8 Nxb5 52. Bxb5 Kxb5 53. Kh5 Kc5 54. Kg4 Kd5 55.
Kh5 Ke5 56. Kxg5 1/2-1/2

[Event "Late-Titled-Tuesday-Blitz-March-05-2024"]
[Site "Chess.com"]
[Date "2024.03.05"]
[Round "7"]
[White "titomagno_64"]
[Black "ural58"]
[Result "1-0"]
[WhiteElo "2340"]
[BlackElo "2514"]
[TimeControl "180+1"]
[EndTime "15:15:50 PST"]
[Termination "titomagno_64 won on time"]

1. d4 d5 2. c4 e5 3. dxe5 d4 4. Nf3 Nc6 5. a3 g6 6. Bg5 f6 7. exf6 Nxf6 8. e3 h6 9. Bxf6 Qxf6 10. Nxd4 Nxd4 11. Qxd4 Qxd4 12. exd4 Bg7 13. Bd3 O-O 14. d5 Bxb2 15. Ra2 Re8+ 16. Be2 Bd4 17. O-O Bf5 18. Bf3 Rad8 19. Rd2 Bf6 20. c5 b6 21. cxb6 axb6 22. g4 Bc8 23. Rc2 Re7 24. Nc3 Ba6 25. Rd1 Be5 26.
Ne4 Rf8 27. Kg2 Rf4 28. d6 cxd6 29. Nxd6 Kg7 30. a4 Rb4 31. Ra2 Re6 32. Ne4 h5 33.
gxh5 gxh5 34. Ng3 h4 35. Nf5+ Kf6 36. Ne3 Bf4 37. Nd5+ Ke5 38. Nxb4 Rg6+ 39. Kh1 Bc4 40. Rc2 Bb3 41. Re1+ Kf5 42. Rb2 Bxa4 43. Nd3 Bc7 44. Be4+ Kf6 45. Bxg6 Kxg6 46. Rg1+ Kf5 47. f3 Bc6 48.
Rf2 b5 49. Nb4 Bb7 50. Rc1 Bb6 51. Rff1 Be3 52. Rce1 Bd2 53. Rb1 Kf4 54. Nd3+ Ke3 55.
Ne5 1-0